PUBA
KILLALOE BREWERS @ GLENAVON PIPERS
09/03/1972
 
TOP OF THE 1ST
Killaloe Brewers batting - Pitching for Glenavon Pipers : RHP Sandy Vance
Pitching: RHP Sandy Vance
Batting: LHB Bert Fairbank 0-0: Called Strike
0-1: Ground out U3 (Groundball, 3L, EV 86.3 MPH)
Batting: RHB Melvin O'Connor 0-0: Fly out, F3 (Popup, 3SF, EV 83.8 MPH)
Batting: LHB Kendrick O'Dell 0-0: Swinging Strike
0-1: Ground out 4-3 (Groundball, 4, EV 81.9 MPH)
Top of the 1st over - 0 runs, 0 hits, 0 errors, 0 left on base; Killaloe 0 - Glenavon 0
BOTTOM OF THE 1ST
Glenavon Pipers batting - Pitching for Killaloe Brewers : RHP Masazumi Maekawa
Pitching: RHP Masazumi Maekawa
Batting: LHB Shane Albright 0-0: Ball
1-0: Ball
2-0: Ball
3-0: Base on Balls
Batting: RHB Barton Rogers 0-0: Fly out, F8 (Flyball, 8RD, EV 100.6 MPH)
Batting: LHB Dave Ragland 0-0: Ball
1-0: Called Strike
1-1: Ball
2-1: Ball
3-1: Called Strike
3-2: Fly out, F4 (Popup, 4, EV 52.5 MPH)
Batting: LHB Rich Fletcher 0-0: Ball
1-0: Ball
2-0: Called Strike
2-1: Fielders Choice at 2nd, 6-4 (Groundball, 6, EV 110.0 MPH)
Bottom of the 1st over - 0 runs, 0 hits, 0 errors, 1 left on base; Killaloe 0 - Glenavon 0
TOP OF THE 2ND
Killaloe Brewers batting - Pitching for Glenavon Pipers : RHP Sandy Vance
Batting: LHB José Jiménez 0-0: Called Strike
0-1: Called Strike
0-2: Ball
1-2: Ground out 6-3 (Groundball, 6, EV 103.8 MPH)
Batting: LHB Jim Breazeale 0-0: Ball
1-0: Ball
2-0: Ball
3-0: Called Strike
3-1: Called Strike
3-2: SINGLE (Groundball, 34, EV 83.1 MPH) (infield hit)
Batting: RHB Dennis Bingham 0-0: Called Strike
0-1: Called Strike
0-2: Ball
1-2: Fly out, F8 (Flyball, 8LXD, EV 104.4 MPH)
Batting: SHB Jesse McClellan 0-0: Ball
1-0: Ball
2-0: Called Strike
Jim Breazeale steals 2nd base
2-1: Foul Ball, location: 3FF
2-2: SINGLE (Line Drive, 8RS, EV 91.3 MPH)
Jim Breazeale to third
Runner from 3rd tries for Home, SAFE, throw by CF to home
Batting: SHB Mike Baldwin 0-0: Swinging Strike
0-1: Ground out 4-3 (Groundball, 4, EV 88.8 MPH)
Top of the 2nd over - 1 run, 2 hits, 0 errors, 1 left on base; Killaloe 1 - Glenavon 0
BOTTOM OF THE 2ND
Glenavon Pipers batting - Pitching for Killaloe Brewers : RHP Masazumi Maekawa
Batting: RHB William Hill 0-0: Fly out, F7 (Flyball, 7D, EV 93.8 MPH)
Batting: RHB Gerald Bernard 0-0: Ball
1-0: Ball
2-0: Ground out 5-3 (Groundball, 5L, EV 88.1 MPH)
Batting: LHB Stu Taylor 0-0: Called Strike
0-1: Swinging Strike
0-2: Ball
1-2: SOLO HOME RUN (Flyball, 9LD, EV 95.6 MPH), Distance : 339 ft
Batting: RHB Bob Buckley 0-0: Swinging Strike
0-1: Ball
1-1: Foul Ball, location: 9LSF
1-2: Ball
2-2: Ball
3-2: Fly out, F7 (Flyball, 78M, EV 73.1 MPH)
Bottom of the 2nd over - 1 run, 1 hit, 0 errors, 0 left on base; Killaloe 1 - Glenavon 1
TOP OF THE 3RD
Killaloe Brewers batting - Pitching for Glenavon Pipers : RHP Sandy Vance
Batting: RHB Britt Melton 0-0: Swinging Strike
0-1: Ball
1-1: Ball
2-1: Swinging Strike
2-2: Strikes out swinging
Batting: LHB Bert Fairbank 0-0: Ground out 6-3 (Groundball, 6, EV 107.5 MPH)
Batting: RHB Melvin O'Connor 0-0: Called Strike
0-1: Ball
1-1: SINGLE (Groundball, 4M, EV 103.1 MPH) (infield hit)
Batting: LHB Kendrick O'Dell 0-0: Ball
Melvin O'Connor steals 2nd base
1-0: Ball
2-0: Ball
3-0: Called Strike
3-1: Called Strike
3-2: Fly out, F9 (Flyball, 89S, EV 101.9 MPH)
Top of the 3rd over - 0 runs, 1 hit, 0 errors, 1 left on base; Killaloe 1 - Glenavon 1
BOTTOM OF THE 3RD
Glenavon Pipers batting - Pitching for Killaloe Brewers : RHP Masazumi Maekawa
Batting: RHB Jim Miller 0-0: Ball
1-0: Called Strike
1-1: Called Strike
1-2: Ball
2-2: Foul Ball, location: 9LMFF
2-2: Foul Ball, location: 5SF
2-2: SINGLE (Line Drive, 8LS, EV 98.8 MPH)
Batting: LHB Shane Albright 0-0: Ball
1-0: Ball
2-0: Sac Bunt to P - play at first, batter OUT! 1-3
Jim Miller to second
Batting: RHB Barton Rogers 0-0: Foul Ball, location: 2F
0-1: Foul Ball, location: 2F
0-2: Strikes out swinging
Batting: LHB Dave Ragland 0-0: Ball
1-0: Swinging Strike
1-1: Foul Ball, location: 2F
1-2: Ball
2-2: Ball
3-2: Foul Ball, location: 7LDF
3-2: Foul Ball, location: 2RF
3-2: Base on Balls
Batting: LHB Rich Fletcher 0-0: Ball
1-0: Called Strike
1-1: Fielders Choice at 2nd, 5-4 (Groundball, 56, EV 110.0 MPH)
Bottom of the 3rd over - 0 runs, 1 hit, 0 errors, 2 left on base; Killaloe 1 - Glenavon 1
TOP OF THE 4TH
Killaloe Brewers batting - Pitching for Glenavon Pipers : RHP Sandy Vance
Batting: LHB José Jiménez 0-0: Fly out, F8 (Flyball, 8LXD, EV 111.3 MPH)
Batting: LHB Jim Breazeale 0-0: Swinging Strike
0-1: Ball
1-1: Foul Ball, location: 7LMFF
1-2: Ball
2-2: Fly out, F7 (Flyball, 7D, EV 108.8 MPH)
Batting: RHB Dennis Bingham 0-0: Foul Ball, location: 9LSF
0-1: Fly out, F7 (Flyball, 7D, EV 103.8 MPH)
Top of the 4th over - 0 runs, 0 hits, 0 errors, 0 left on base; Killaloe 1 - Glenavon 1
BOTTOM OF THE 4TH
Glenavon Pipers batting - Pitching for Killaloe Brewers : RHP Masazumi Maekawa
Batting: RHB William Hill 0-0: Called Strike
0-1: Reached on error, E6 (Groundball, 6, EV 107.5 MPH)
Batting: RHB Gerald Bernard 0-0: Ball
1-0: Ball
2-0: Foul Ball, location: 9LSF
2-1: Foul Ball, location: 9LMF
2-2: Ball
3-2: Fielders Choice at 2nd, 1-4 (Groundball, 15S, EV 62.5 MPH)
Batting: LHB Stu Taylor 0-0: Ball
1-0: Called Strike
1-1: Swinging Strike
1-2: Ball
2-2: Foul Ball, location: 5FF
2-2: Strikes out looking
Batting: RHB Bob Buckley 0-0: Ball
1-0: Fielders Choice at 2nd, 6-4 (Groundball, 6, EV 82.5 MPH)
Bottom of the 4th over - 0 runs, 0 hits, 1 error, 1 left on base; Killaloe 1 - Glenavon 1
TOP OF THE 5TH
Killaloe Brewers batting - Pitching for Glenavon Pipers : RHP Sandy Vance
Batting: SHB Jesse McClellan 0-0: Ball
1-0: Foul Ball, location: 23F
1-1: Ball
2-1: DOUBLE (Flyball, 8LXD, EV 105.6 MPH)
Batting: SHB Mike Baldwin 0-0: Ground out 4-3 (Groundball, 4, EV 103.8 MPH)
Jesse McClellan to third
Batting: RHB Britt Melton 0-0: Called Strike
0-1: Fly out, F8 (Line Drive, 8LD, EV 99.4 MPH)
Runner from 3rd tags up, SCORES, no throw by CF
Batting: LHB Bert Fairbank 0-0: Ball
1-0: Ball
2-0: Ball
3-0: Called Strike
3-1: Ground out 4-3 (Groundball, 4, EV 90.6 MPH)
Top of the 5th over - 1 run, 1 hit, 0 errors, 0 left on base; Killaloe 2 - Glenavon 1
BOTTOM OF THE 5TH
Glenavon Pipers batting - Pitching for Killaloe Brewers : RHP Masazumi Maekawa
Batting: RHB Jim Miller 0-0: SOLO HOME RUN (Flyball, 89XD, EV 105.0 MPH), Distance : 398 ft
Batting: LHB Shane Albright 0-0: Fly out, F8 (Flyball, 8RM, EV 89.4 MPH)
Batting: RHB Barton Rogers 0-0: Called Strike
0-1: Ball
1-1: Ball
2-1: Foul Ball, location: 5DF
2-2: Foul Ball, location: 5SF
2-2: Ground out 5-3 (Groundball, 56, EV 93.1 MPH)
Batting: LHB Dave Ragland 0-0: Ball
1-0: Ball
2-0: SINGLE (Groundball, 6D, EV 104.4 MPH)
Batting: LHB Rich Fletcher 0-0: Ball
1-0: Ball
2-0: Fielders Choice at 2nd, 6-4 (Groundball, 6, EV 86.9 MPH)
Bottom of the 5th over - 1 run, 2 hits, 0 errors, 1 left on base; Killaloe 2 - Glenavon 2
TOP OF THE 6TH
Killaloe Brewers batting - Pitching for Glenavon Pipers : RHP Sandy Vance
Batting: RHB Melvin O'Connor 0-0: Called Strike
0-1: Ball
1-1: Ball
2-1: Ball
3-1: Base on Balls
Batting: LHB Kendrick O'Dell 0-0: Grounds into double play, 4-6-3 (Groundball, 4S, EV 86.3 MPH)
Batting: LHB José Jiménez 0-0: SINGLE (Line Drive, 3D, EV 109.4 MPH)
Batting: LHB Jim Breazeale 0-0: Called Strike
0-1: Called Strike
0-2: Ball
1-2: Strikes out swinging
Top of the 6th over - 0 runs, 1 hit, 0 errors, 1 left on base; Killaloe 2 - Glenavon 2
BOTTOM OF THE 6TH
Glenavon Pipers batting - Pitching for Killaloe Brewers : RHP Masazumi Maekawa
Batting: RHB William Hill 0-0: Ball
1-0: Foul Ball, location: 5FF
1-1: Swinging Strike
1-2: Strikes out looking
Batting: RHB Gerald Bernard 0-0: Ball
1-0: Ball
2-0: Foul Ball, location: 9LDF
2-1: Foul Ball, location: 5FF
2-2: Ball
3-2: Base on Balls
Batting: LHB Stu Taylor 0-0: Ball
1-0: Ball
2-0: Called Strike
2-1: Ball
3-1: Swinging Strike
3-2: Fly out, F7 (Flyball, 78D, EV 92.5 MPH)
Batting: RHB Bob Buckley 0-0: Ball
1-0: Swinging Strike
1-1: Foul Ball, location: 3SF
1-2: Ball
2-2: Ball
3-2: Ground out 5-3 (Groundball, 5, EV 108.1 MPH)
Bottom of the 6th over - 0 runs, 0 hits, 0 errors, 1 left on base; Killaloe 2 - Glenavon 2
TOP OF THE 7TH
Killaloe Brewers batting - Pitching for Glenavon Pipers : RHP Sandy Vance
Batting: RHB Dennis Bingham 0-0: Ball
1-0: Ball
2-0: Fly out, F8 (Flyball, 8RM, EV 95.0 MPH)
Batting: SHB Jesse McClellan 0-0: Ball
1-0: Ball
2-0: Called Strike
2-1: Foul Ball, location: 25F
2-2: Fly out, F2 (Popup, 23F, EV 89.4 MPH)
Pinch Hitting: LHB Wilson Ybarra 0-0: Ball
1-0: Ground out 6-3 (Groundball, 6, EV 102.5 MPH)
Top of the 7th over - 0 runs, 0 hits, 0 errors, 0 left on base; Killaloe 2 - Glenavon 2
BOTTOM OF THE 7TH
Glenavon Pipers batting - Pitching for Killaloe Brewers : RHP Masazumi Maekawa
Now at SS: Robert Gilbert
Batting: RHB Jim Miller 0-0: Ball
1-0: Foul Ball, location: 9LDF
1-1: SINGLE (Line Drive, 8LS, EV 91.9 MPH)
Batting: LHB Shane Albright 0-0: Ball
1-0: Bunted foul
1-1: Ball
2-1: Sac Bunt to 2R - play at first, batter OUT! 2-3
Jim Miller to second
Batting: RHB Barton Rogers 0-0: Ball
1-0: Ball
2-0: Foul Ball, location: 2F
2-1: Ball
3-1: Foul Ball, location: 2F
3-2: Ground out 4-3 (Groundball, 4S, EV 81.9 MPH)
Jim Miller to third
Batting: LHB Dave Ragland 0-0: Called Strike
0-1: Swinging Strike
0-2: Foul Ball, location: 2F
0-2: Ball
1-2: Foul Ball, location: 25F
1-2: Fly out, F5 (Popup, 5SF, EV 78.8 MPH)
Bottom of the 7th over - 0 runs, 1 hit, 0 errors, 1 left on base; Killaloe 2 - Glenavon 2
TOP OF THE 8TH
Killaloe Brewers batting - Pitching for Glenavon Pipers : RHP Sandy Vance
Pinch Hitting: LHB Barry Robertson 0-0: Called Strike
0-1: Swinging Strike
0-2: Ball
1-2: Foul Ball, location: 5DF
1-2: Ball
2-2: Ground out U3 (Groundball, 3, EV 98.1 MPH)
Batting: LHB Bert Fairbank 0-0: Ball
1-0: Ball
2-0: SINGLE (Line Drive, 4MD, EV 96.3 MPH)
Pitching: RHP Michael Johnson
Batting: RHB Melvin O'Connor 0-0: Ball
1-0: Ball
2-0: Ball
3-0: Called Strike
3-1: SINGLE (Line Drive, 4D, EV 101.9 MPH)
Bert Fairbank to second
Batting: LHB Kendrick O'Dell 0-0: Swinging Strike
0-1: Ball
1-1: Swinging Strike
1-2: Ball
2-2: Strikes out looking
Batting: LHB José Jiménez 0-0: Foul Ball, location: 3F
0-1: Ball
1-1: Ball
2-1: 3-RUN HOME RUN (Flyball, 89XD, EV 110.0 MPH), Distance : 395 ft
Batting: LHB Jim Breazeale 0-0: Ball
1-0: Foul Ball, location: 3FF
1-1: Foul Ball, location: 5SF
1-2: Ball
2-2: Ground out 6-3 (Groundball, 6, EV 90.0 MPH)
Top of the 8th over - 3 runs, 3 hits, 0 errors, 0 left on base; Killaloe 5 - Glenavon 2
BOTTOM OF THE 8TH
Glenavon Pipers batting - Pitching for Killaloe Brewers : RHP Masazumi Maekawa
Now at 3B: George Brown
Batting: LHB Rich Fletcher 0-0: Called Strike
0-1: Ball
1-1: Swinging Strike
1-2: Strikes out swinging
Batting: RHB William Hill 0-0: SINGLE (Groundball, 6S, EV 66.3 MPH)
Batting: RHB Gerald Bernard 0-0: Swinging Strike
0-1: Ball
1-1: Called Strike
1-2: Strikes out swinging
Batting: LHB Stu Taylor 0-0: Ball
1-0: Ground out 3-1 (Groundball, 34, EV 104.4 MPH)
Bottom of the 8th over - 0 runs, 1 hit, 0 errors, 1 left on base; Killaloe 5 - Glenavon 2
TOP OF THE 9TH
Killaloe Brewers batting - Pitching for Glenavon Pipers : RHP Michael Johnson
Batting: RHB Dennis Bingham 0-0: Called Strike
0-1: Ball
1-1: Ball
2-1: Ground out 6-3 (Groundball, 56, EV 83.8 MPH)
Batting: SHB Jesse McClellan 0-0: Ball
1-0: Ball
2-0: Foul Ball, location: 2F
2-1: Swinging Strike
2-2: Strikes out looking
Batting: SHB Robert Gilbert 0-0: Foul Ball, location: 5DF
0-1: Ball
1-1: Ball
2-1: Foul Ball, location: 23FF
2-2: Ball
3-2: Foul Ball, location: 2F
3-2: Strikes out swinging
Top of the 9th over - 0 runs, 0 hits, 0 errors, 0 left on base; Killaloe 5 - Glenavon 2
BOTTOM OF THE 9TH
Glenavon Pipers batting - Pitching for Killaloe Brewers : RHP Masazumi Maekawa
Batting: RHB Bob Buckley 0-0: Swinging Strike
0-1: Called Strike
0-2: Ball
1-2: Foul Ball, location: 7LSF
1-2: Ball
2-2: Ball
3-2: Foul Ball, location: 5DF
3-2: Base on Balls
Pitching: RHP Chance Hubbard
Batting: RHB Jim Miller 0-0: Ball
1-0: Ball
2-0: Foul Ball, location: 23FF
2-1: Foul Ball, location: 5F
2-2: Foul Ball, location: 2F
2-2: Ball
3-2: Base on Balls
Bob Buckley to second
Batting: LHB Shane Albright 0-0: Called Strike
0-1: Ball
1-1: Foul Ball, location: 9LSF
1-2: Foul Ball, location: 2F
1-2: Ball
2-2: SINGLE (Groundball, P, EV 82.5 MPH) (infield hit)
Bob Buckley to third
Jim Miller to second
Pinch Hitting: LHB Ernie Summers 0-0: Called Strike
0-1: Ball
1-1: Ball
2-1: Foul Ball, location: 9LDF
2-2: Foul Ball, location: 5F
2-2: SINGLE (Line Drive, 4D, EV 99.4 MPH)
Bob Buckley scores
Jim Miller to third
Shane Albright to second
Batting: LHB Dave Ragland 0-0: Ball
1-0: Ball
2-0: Ball
3-0: Called Strike
3-1: Base on Balls
Jim Miller scores
Shane Albright to third
Ernie Summers to second
Batting: LHB Rich Fletcher 0-0: Ball
1-0: Swinging Strike
1-1: Fly out, F8 (Flyball, 8LXD, EV 109.4 MPH)
Runner from 3rd tags up, SCORES, no throw by CF
Ernie Summers to third
Batting: RHB William Hill 0-0: Called Strike
0-1: Ball
1-1: Ball
2-1: Swinging Strike
2-2: Strikes out swinging
Batting: RHB Gerald Bernard 0-0: Ball
1-0: SINGLE (Line Drive, 89M, EV 91.3 MPH)
Ernie Summers scores
Bottom of the 9th over - 4 runs, 3 hits, 0 errors, 1 left on base; Killaloe 5 - Glenavon 6
Wednesday, May 1st , 2024 - OOTP Baseball 24.8 Build 75